%YAML 1.1
%TAG !u! tag:unity3d.com,2011:
--- !u!29 &1
OcclusionCullingSettings:
  m_ObjectHideFlags: 0
  serializedVersion: 2
  m_OcclusionBakeSettings:
    smallestOccluder: 5
    smallestHole: 0.25
    backfaceThreshold: 100
  m_SceneGUID: 00000000000000000000000000000000
  m_OcclusionCullingData: {fileID: 0}
--- !u!104 &2
RenderSettings:
  m_ObjectHideFlags: 0
  serializedVersion: 8
  m_Fog: 0
  m_FogColor: {r: 0.5, g: 0.5, b: 0.5, a: 1}
  m_FogMode: 3
  m_FogDensity: 0.01
  m_LinearFogStart: 0
  m_LinearFogEnd: 300
  m_AmbientSkyColor: {r: 0.212, g: 0.227, b: 0.259, a: 1}
  m_AmbientEquatorColor: {r: 0.114, g: 0.125, b: 0.133, a: 1}
  m_AmbientGroundColor: {r: 0.047, g: 0.043, b: 0.035, a: 1}
  m_AmbientIntensity: 1
  m_AmbientMode: 0
  m_SubtractiveShadowColor: {r: 0.42, g: 0.478, b: 0.627, a: 1}
  m_SkyboxMaterial: {fileID: 10304, guid: 0000000000000000f000000000000000, type: 0}
  m_HaloStrength: 0.5
  m_FlareStrength: 1
  m_FlareFadeSpeed: 3
  m_HaloTexture: {fileID: 0}
  m_SpotCookie: {fileID: 10001, guid: 0000000000000000e000000000000000, type: 0}
  m_DefaultReflectionMode: 0
  m_DefaultReflectionResolution: 128
  m_ReflectionBounces: 1
  m_ReflectionIntensity: 1
  m_CustomReflection: {fileID: 0}
  m_Sun: {fileID: 0}
  m_IndirectSpecularColor: {r: 0, g: 0, b: 0, a: 1}
--- !u!157 &4
LightmapSettings:
  m_ObjectHideFlags: 0
  serializedVersion: 9
  m_GIWorkflowMode: 0
  m_GISettings:
    serializedVersion: 2
    m_BounceScale: 1
    m_IndirectOutputScale: 1
    m_AlbedoBoost: 1
    m_TemporalCoherenceThreshold: 1
    m_EnvironmentLightingMode: 0
    m_EnableBakedLightmaps: 1
    m_EnableRealtimeLightmaps: 1
  m_LightmapEditorSettings:
    serializedVersion: 8
    m_Resolution: 2
    m_BakeResolution: 40
    m_TextureWidth: 1024
    m_TextureHeight: 1024
    m_AO: 0
    m_AOMaxDistance: 1
    m_CompAOExponent: 0
    m_CompAOExponentDirect: 0
    m_Padding: 2
    m_LightmapParameters: {fileID: 0}
    m_LightmapsBakeMode: 1
    m_TextureCompression: 1
    m_FinalGather: 0
    m_FinalGatherFiltering: 1
    m_FinalGatherRayCount: 1024
    m_ReflectionCompression: 2
    m_MixedBakeMode: 1
    m_BakeBackend: 0
    m_PVRSampling: 1
    m_PVRDirectSampleCount: 32
    m_PVRSampleCount: 500
    m_PVRBounces: 2
    m_PVRFiltering: 0
    m_PVRFilteringMode: 1
    m_PVRCulling: 1
    m_PVRFilteringGaussRadiusDirect: 1
    m_PVRFilteringGaussRadiusIndirect: 5
    m_PVRFilteringGaussRadiusAO: 2
    m_PVRFilteringAtrousColorSigma: 1
    m_PVRFilteringAtrousNormalSigma: 1
    m_PVRFilteringAtrousPositionSigma: 1
  m_LightingDataAsset: {fileID: 0}
  m_ShadowMaskMode: 2
--- !u!196 &5
NavMeshSettings:
  serializedVersion: 2
  m_ObjectHideFlags: 0
  m_BuildSettings:
    serializedVersion: 2
    agentTypeID: 0
    agentRadius: 0.5
    agentHeight: 2
    agentSlope: 45
    agentClimb: 0.4
    ledgeDropHeight: 0
    maxJumpAcrossDistance: 0
    minRegionArea: 2
    manualCellSize: 0
    cellSize: 0.16666667
    manualTileSize: 0
    tileSize: 256
    accuratePlacement: 0
  m_NavMeshData: {fileID: 0}
--- !u!1 &187367156
GameObject:
  m_ObjectHideFlags: 0
  m_PrefabParentObject: {fileID: 151832, guid: 591e4701cb024014bb30696d1d334549, type: 2}
  m_PrefabInternal: {fileID: 1464726734}
  serializedVersion: 5
  m_Component:
  - component: {fileID: 187367157}
  - component: {fileID: 187367160}
  - component: {fileID: 187367159}
  - component: {fileID: 187367158}
  m_Layer: 5
  m_Name: Content
  m_TagString: Untagged
  m_Icon: {fileID: 0}
  m_NavMeshLayer: 0
  m_StaticEditorFlags: 0
  m_IsActive: 1
--- !u!224 &187367157
RectTransform:
  m_ObjectHideFlags: 0
  m_PrefabParentObject: {fileID: 22451832, guid: 591e4701cb024014bb30696d1d334549,
    type: 2}
  m_PrefabInternal: {fileID: 1464726734}
  m_GameObject: {fileID: 187367156}
  m_LocalRotation: {x: 0, y: 0, z: 0, w: 1}
  m_LocalPosition: {x: 0, y: 0, z: 0}
  m_LocalScale: {x: 1, y: 1, z: 1}
  m_Children:
  - {fileID: 924395324}
  - {fileID: 475851901}
  m_Father: {fileID: 784937050}
  m_RootOrder: 1
  m_LocalEulerAnglesHint: {x: 0, y: 0, z: 0}
  m_AnchorMin: {x: 0.5, y: 0.5}
  m_AnchorMax: {x: 0.5, y: 0.5}
  m_AnchoredPosition: {x: 0, y: -0.020019531}
  m_SizeDelta: {x: 640, y: 1136}
  m_Pivot: {x: 0.5, y: 0.5}
--- !u!114 &187367158
MonoBehaviour:
  m_ObjectHideFlags: 0
  m_PrefabParentObject: {fileID: 11451836, guid: 591e4701cb024014bb30696d1d334549,
    type: 2}
  m_PrefabInternal: {fileID: 1464726734}
  m_GameObject: {fileID: 187367156}
  m_Enabled: 1
  m_EditorHideFlags: 0
  m_Script: {fileID: -1200242548, guid: f5f67c52d1564df4a8936ccd202a3bd8, type: 3}
  m_Name: 
  m_EditorClassIdentifier: 
  m_ShowMaskGraphic: 1
--- !u!114 &187367159
MonoBehaviour:
  m_ObjectHideFlags: 0
  m_PrefabParentObject: {fileID: 11451838, guid: 591e4701cb024014bb30696d1d334549,
    type: 2}
  m_PrefabInternal: {fileID: 1464726734}
  m_GameObject: {fileID: 187367156}
  m_Enabled: 1
  m_EditorHideFlags: 0
  m_Script: {fileID: -765806418, guid: f5f67c52d1564df4a8936ccd202a3bd8, type: 3}
  m_Name: 
  m_EditorClassIdentifier: 
  m_Material: {fileID: 0}
  m_Color: {r: 0.9338235, g: 0.9338235, b: 0.9338235, a: 1}
  m_RaycastTarget: 1
  m_OnCullStateChanged:
    m_PersistentCalls:
      m_Calls: []
    m_TypeName: UnityEngine.UI.MaskableGraphic+CullStateChangedEvent, UnityEngine.UI,
      Version=1.0.0.0, Culture=neutral, PublicKeyToken=null
  m_Sprite: {fileID: 21300000, guid: 7ed1238760b863f4aafde32ab3a6f28c, type: 3}
  m_Type: 1
  m_PreserveAspect: 0
  m_FillCenter: 1
  m_FillMethod: 4
  m_FillAmount: 1
  m_FillClockwise: 1
  m_FillOrigin: 0
--- !u!222 &187367160
CanvasRenderer:
  m_ObjectHideFlags: 0
  m_PrefabParentObject: {fileID: 22251830, guid: 591e4701cb024014bb30696d1d334549,
    type: 2}
  m_PrefabInternal: {fileID: 1464726734}
  m_GameObject: {fileID: 187367156}
--- !u!1 &381824369
GameObject:
  m_ObjectHideFlags: 0
  m_PrefabParentObject: {fileID: 151808, guid: 591e4701cb024014bb30696d1d334549, type: 2}
  m_PrefabInternal: {fileID: 1464726734}
  serializedVersion: 5
  m_Component:
  - component: {fileID: 381824370}
  - component: {fileID: 381824372}
  - component: {fileID: 381824371}
  m_Layer: 5
  m_Name: Line
  m_TagString: Untagged
  m_Icon: {fileID: 0}
  m_NavMeshLayer: 0
  m_StaticEditorFlags: 0
  m_IsActive: 1
--- !u!224 &381824370
RectTransform:
  m_ObjectHideFlags: 0
  m_PrefabParentObject: {fileID: 22451808, guid: 591e4701cb024014bb30696d1d334549,
    type: 2}
  m_PrefabInternal: {fileID: 1464726734}
  m_GameObject: {fileID: 381824369}
  m_LocalRotation: {x: 0, y: 0, z: 0.9723369, w: 0.23358315}
  m_LocalPosition: {x: 0, y: 0, z: 0}
  m_LocalScale: {x: 1, y: 1, z: 1}
  m_Children: []
  m_Father: {fileID: 924395324}
  m_RootOrder: 13
  m_LocalEulerAnglesHint: {x: 0, y: 0, z: 0}
  m_AnchorMin: {x: 0.5, y: 0.5}
  m_AnchorMax: {x: 0.5, y: 0.5}
  m_AnchoredPosition: {x: 91.6, y: 459.3}
  m_SizeDelta: {x: 80, y: 3}
  m_Pivot: {x: 0.5, y: 0.5}
--- !u!114 &381824371
MonoBehaviour:
  m_ObjectHideFlags: 0
  m_PrefabParentObject: {fileID: 11451808, guid: 591e4701cb024014bb30696d1d334549,
    type: 2}
  m_PrefabInternal: {fileID: 1464726734}
  m_GameObject: {fileID: 381824369}
  m_Enabled: 1
  m_EditorHideFlags: 0
  m_Script: {fileID: -765806418, guid: f5f67c52d1564df4a8936ccd202a3bd8, type: 3}
  m_Name: 
  m_EditorClassIdentifier: 
  m_Material: {fileID: 0}
  m_Color: {r: 0.9529412, g: 0.2901961, b: 0.35691676, a: 1}
  m_RaycastTarget: 1
  m_OnCullStateChanged:
    m_PersistentCalls:
      m_Calls: []
    m_TypeName: UnityEngine.UI.MaskableGraphic+CullStateChangedEvent, UnityEngine.UI,
      Version=1.0.0.0, Culture=neutral, PublicKeyToken=null
  m_Sprite: {fileID: 21300000, guid: 7ed1238760b863f4aafde32ab3a6f28c, type: 3}
  m_Type: 1
  m_PreserveAspect: 0
  m_FillCenter: 1
  m_FillMethod: 4
  m_FillAmount: 1
  m_FillClockwise: 1
  m_FillOrigin: 0
--- !u!222 &381824372
CanvasRenderer:
  m_ObjectHideFlags: 0
  m_PrefabParentObject: {fileID: 22251808, guid: 591e4701cb024014bb30696d1d334549,
    type: 2}
  m_PrefabInternal: {fileID: 1464726734}
  m_GameObject: {fileID: 381824369}
--- !u!1 &454457281
GameObject:
  m_ObjectHideFlags: 0
  m_PrefabParentObject: {fileID: 151844, guid: 591e4701cb024014bb30696d1d334549, type: 2}
  m_PrefabInternal: {fileID: 1464726734}
  serializedVersion: 5
  m_Component:
  - component: {fileID: 454457282}
  - component: {fileID: 454457284}
  - component: {fileID: 454457283}
  m_Layer: 5
  m_Name: Text
  m_TagString: Untagged
  m_Icon: {fileID: 0}
  m_NavMeshLayer: 0
  m_StaticEditorFlags: 0
  m_IsActive: 1
--- !u!224 &454457282
RectTransform:
  m_ObjectHideFlags: 0
  m_PrefabParentObject: {fileID: 22451844, guid: 591e4701cb024014bb30696d1d334549,
    type: 2}
  m_PrefabInternal: {fileID: 1464726734}
  m_GameObject: {fileID: 454457281}
  m_LocalRotation: {x: 0, y: 0, z: 0, w: 1}
  m_LocalPosition: {x: 0, y: 0, z: 0}
  m_LocalScale: {x: 1, y: 1, z: 1}
  m_Children: []
  m_Father: {fileID: 924395324}
  m_RootOrder: 0
  m_LocalEulerAnglesHint: {x: 0, y: 0, z: 0}
  m_AnchorMin: {x: 0.5, y: 0.5}
  m_AnchorMax: {x: 0.5, y: 0.5}
  m_AnchoredPosition: {x: -3, y: -484}
  m_SizeDelta: {x: 126.8, y: 40}
  m_Pivot: {x: 0.5, y: 0.5}
--- !u!114 &454457283
MonoBehaviour:
  m_ObjectHideFlags: 0
  m_PrefabParentObject: {fileID: 11451854, guid: 591e4701cb024014bb30696d1d334549,
    type: 2}
  m_PrefabInternal: {fileID: 1464726734}
  m_GameObject: {fileID: 454457281}
  m_Enabled: 1
  m_EditorHideFlags: 0
  m_Script: {fileID: 708705254, guid: f5f67c52d1564df4a8936ccd202a3bd8, type: 3}
  m_Name: 
  m_EditorClassIdentifier: 
  m_Material: {fileID: 0}
  m_Color: {r: 0.9490196, g: 0.2901961, b: 0.35686275, a: 1}
  m_RaycastTarget: 1
  m_OnCullStateChanged:
    m_PersistentCalls:
      m_Calls: []
    m_TypeName: UnityEngine.UI.MaskableGraphic+CullStateChangedEvent, UnityEngine.UI,
      Version=1.0.0.0, Culture=neutral, PublicKeyToken=null
  m_FontData:
    m_Font: {fileID: 12800000, guid: 218956a5c2a6e42d6a60afccf80b002b, type: 3}
    m_FontSize: 25
    m_FontStyle: 0
    m_BestFit: 0
    m_MinSize: 10
    m_MaxSize: 40
    m_Alignment: 4
    m_AlignByGeometry: 0
    m_RichText: 1
    m_HorizontalOverflow: 0
    m_VerticalOverflow: 0
    m_LineSpacing: 1
  m_Text: TOUCH
--- !u!222 &454457284
CanvasRenderer:
  m_ObjectHideFlags: 0
  m_PrefabParentObject: {fileID: 22251842, guid: 591e4701cb024014bb30696d1d334549,
    type: 2}
  m_PrefabInternal: {fileID: 1464726734}
  m_GameObject: {fileID: 454457281}
--- !u!1 &472045264
GameObject:
  m_ObjectHideFlags: 0
  m_PrefabParentObject: {fileID: 151850, guid: 591e4701cb024014bb30696d1d334549, type: 2}
  m_PrefabInternal: {fileID: 1464726734}
  serializedVersion: 5
  m_Component:
  - component: {fileID: 472045265}
  - component: {fileID: 472045267}
  - component: {fileID: 472045266}
  m_Layer: 5
  m_Name: Text
  m_TagString: Untagged
  m_Icon: {fileID: 0}
  m_NavMeshLayer: 0
  m_StaticEditorFlags: 0
  m_IsActive: 1
--- !u!224 &472045265
RectTransform:
  m_ObjectHideFlags: 0
  m_PrefabParentObject: {fileID: 22451850, guid: 591e4701cb024014bb30696d1d334549,
    type: 2}
  m_PrefabInternal: {fileID: 1464726734}
  m_GameObject: {fileID: 472045264}
  m_LocalRotation: {x: 0, y: 0, z: 0, w: 1}
  m_LocalPosition: {x: 0, y: 0, z: 0}
  m_LocalScale: {x: 1, y: 1, z: 1}
  m_Children: []
  m_Father: {fileID: 1068757226}
  m_RootOrder: 0
  m_LocalEulerAnglesHint: {x: 0, y: 0, z: 0}
  m_AnchorMin: {x: 0.5, y: 0.5}
  m_AnchorMax: {x: 0.5, y: 0.5}
  m_AnchoredPosition: {x: 0, y: 0}
  m_SizeDelta: {x: 222, y: 70}
  m_Pivot: {x: 0.5, y: 0.5}
--- !u!114 &472045266
MonoBehaviour:
  m_ObjectHideFlags: 0
  m_PrefabParentObject: {fileID: 11451860, guid: 591e4701cb024014bb30696d1d334549,
    type: 2}
  m_PrefabInternal: {fileID: 1464726734}
  m_GameObject: {fileID: 472045264}
  m_Enabled: 1
  m_EditorHideFlags: 0
  m_Script: {fileID: 708705254, guid: f5f67c52d1564df4a8936ccd202a3bd8, type: 3}
  m_Name: 
  m_EditorClassIdentifier: 
  m_Material: {fileID: 0}
  m_Color: {r: 0.92941177, g: 0.92941177, b: 0.92941177, a: 1}
  m_RaycastTarget: 1
  m_OnCullStateChanged:
    m_PersistentCalls:
      m_Calls: []
    m_TypeName: UnityEngine.UI.MaskableGraphic+CullStateChangedEvent, UnityEngine.UI,
      Version=1.0.0.0, Culture=neutral, PublicKeyToken=null
  m_FontData:
    m_Font: {fileID: 12800000, guid: 218956a5c2a6e42d6a60afccf80b002b, type: 3}
    m_FontSize: 41
    m_FontStyle: 0
    m_BestFit: 0
    m_MinSize: 10
    m_MaxSize: 41
    m_Alignment: 4
    m_AlignByGeometry: 0
    m_RichText: 1
    m_HorizontalOverflow: 0
    m_VerticalOverflow: 0
    m_LineSpacing: 1
  m_Text: 195 mph
--- !u!222 &472045267
CanvasRenderer:
  m_ObjectHideFlags: 0
  m_PrefabParentObject: {fileID: 22251848, guid: 591e4701cb024014bb30696d1d334549,
    type: 2}
  m_PrefabInternal: {fileID: 1464726734}
  m_GameObject: {fileID: 472045264}
--- !u!1 &475851900
GameObject:
  m_ObjectHideFlags: 0
  m_PrefabParentObject: {fileID: 151836, guid: 591e4701cb024014bb30696d1d334549, type: 2}
  m_PrefabInternal: {fileID: 1464726734}
  serializedVersion: 5
  m_Component:
  - component: {fileID: 475851901}
  - component: {fileID: 475851904}
  - component: {fileID: 475851903}
  - component: {fileID: 475851902}
  m_Layer: 5
  m_Name: Button
  m_TagString: Untagged
  m_Icon: {fileID: 0}
  m_NavMeshLayer: 0
  m_StaticEditorFlags: 0
  m_IsActive: 1
--- !u!224 &475851901
RectTransform:
  m_ObjectHideFlags: 0
  m_PrefabParentObject: {fileID: 22451836, guid: 591e4701cb024014bb30696d1d334549,
    type: 2}
  m_PrefabInternal: {fileID: 1464726734}
  m_GameObject: {fileID: 475851900}
  m_LocalRotation: {x: 0, y: 0, z: 0, w: 1}
  m_LocalPosition: {x: 0, y: 0, z: 0}
  m_LocalScale: {x: 1, y: 1, z: 1}
  m_Children:
  - {fileID: 2079340757}
  m_Father: {fileID: 187367157}
  m_RootOrder: 1
  m_LocalEulerAnglesHint: {x: 0, y: 0, z: 0}
  m_AnchorMin: {x: 0.5, y: 0.5}
  m_AnchorMax: {x: 0.5, y: 0.5}
  m_AnchoredPosition: {x: -259, y: -507}
  m_SizeDelta: {x: 60, y: 60}
  m_Pivot: {x: 0.5, y: 0.5}
--- !u!114 &475851902
MonoBehaviour:
  m_ObjectHideFlags: 0
  m_PrefabParentObject: {fileID: 11451842, guid: 591e4701cb024014bb30696d1d334549,
    type: 2}
  m_PrefabInternal: {fileID: 1464726734}
  m_GameObject: {fileID: 475851900}
  m_Enabled: 1
  m_EditorHideFlags: 0
  m_Script: {fileID: 1392445389, guid: f5f67c52d1564df4a8936ccd202a3bd8, type: 3}
  m_Name: 
  m_EditorClassIdentifier: 
  m_Navigation:
    m_Mode: 3
    m_SelectOnUp: {fileID: 0}
    m_SelectOnDown: {fileID: 0}
    m_SelectOnLeft: {fileID: 0}
    m_SelectOnRight: {fileID: 0}
  m_Transition: 1
  m_Colors:
    m_NormalColor: {r: 1, g: 1, b: 1, a: 1}
    m_HighlightedColor: {r: 0.9607843, g: 0.9607843, b: 0.9607843, a: 1}
    m_PressedColor: {r: 0.78431374, g: 0.78431374, b: 0.78431374, a: 1}
    m_DisabledColor: {r: 0.78431374, g: 0.78431374, b: 0.78431374, a: 0.5019608}
    m_ColorMultiplier: 1
    m_FadeDuration: 0.1
  m_SpriteState:
    m_HighlightedSprite: {fileID: 0}
    m_PressedSprite: {fileID: 0}
    m_DisabledSprite: {fileID: 0}
  m_AnimationTriggers:
    m_NormalTrigger: Normal
    m_HighlightedTrigger: Highlighted
    m_PressedTrigger: Pressed
    m_DisabledTrigger: Disabled
  m_Interactable: 1
  m_TargetGraphic: {fileID: 475851903}
  m_OnClick:
    m_PersistentCalls:
      m_Calls: []
    m_TypeName: UnityEngine.UI.Button+ButtonClickedEvent, UnityEngine.UI, Version=1.0.0.0,
      Culture=neutral, PublicKeyToken=null
--- !u!114 &475851903
MonoBehaviour:
  m_ObjectHideFlags: 0
  m_PrefabParentObject: {fileID: 11451844, guid: 591e4701cb024014bb30696d1d334549,
    type: 2}
  m_PrefabInternal: {fileID: 1464726734}
  m_GameObject: {fileID: 475851900}
  m_Enabled: 1
  m_EditorHideFlags: 0
  m_Script: {fileID: -765806418, guid: f5f67c52d1564df4a8936ccd202a3bd8, type: 3}
  m_Name: 
  m_EditorClassIdentifier: 
  m_Material: {fileID: 0}
  m_Color: {r: 0.32156864, g: 0.83137256, b: 0.6117647, a: 1}
  m_RaycastTarget: 1
  m_OnCullStateChanged:
    m_PersistentCalls:
      m_Calls: []
    m_TypeName: UnityEngine.UI.MaskableGraphic+CullStateChangedEvent, UnityEngine.UI,
      Version=1.0.0.0, Culture=neutral, PublicKeyToken=null
  m_Sprite: {fileID: 21300000, guid: 291502478103f274da140dc9d17c64dc, type: 3}
  m_Type: 0
  m_PreserveAspect: 0
  m_FillCenter: 1
  m_FillMethod: 4
  m_FillAmount: 1
  m_FillClockwise: 1
  m_FillOrigin: 0
--- !u!222 &475851904
CanvasRenderer:
  m_ObjectHideFlags: 0
  m_PrefabParentObject: {fileID: 22251834, guid: 591e4701cb024014bb30696d1d334549,
    type: 2}
  m_PrefabInternal: {fileID: 1464726734}
  m_GameObject: {fileID: 475851900}
--- !u!1 &690008168
GameObject:
  m_ObjectHideFlags: 0
  m_PrefabParentObject: {fileID: 151846, guid: 591e4701cb024014bb30696d1d334549, type: 2}
  m_PrefabInternal: {fileID: 1464726734}
  serializedVersion: 5
  m_Component:
  - component: {fileID: 690008169}
  - component: {fileID: 690008171}
  - component: {fileID: 690008170}
  m_Layer: 5
  m_Name: Blocks
  m_TagString: Untagged
  m_Icon: {fileID: 0}
  m_NavMeshLayer: 0
  m_StaticEditorFlags: 0
  m_IsActive: 1
--- !u!224 &690008169
RectTransform:
  m_ObjectHideFlags: 0
  m_PrefabParentObject: {fileID: 22451846, guid: 591e4701cb024014bb30696d1d334549,
    type: 2}
  m_PrefabInternal: {fileID: 1464726734}
  m_GameObject: {fileID: 690008168}
  m_LocalRotation: {x: 0, y: 0, z: 0.31573138, w: -0.9488486}
  m_LocalPosition: {x: 0, y: 0, z: 0}
  m_LocalScale: {x: 1, y: 1, z: 1}
  m_Children: []
  m_Father: {fileID: 924395324}
  m_RootOrder: 3
  m_LocalEulerAnglesHint: {x: 0, y: 0, z: 0}
  m_AnchorMin: {x: 0.5, y: 0.5}
  m_AnchorMax: {x: 0.5, y: 0.5}
  m_AnchoredPosition: {x: 0, y: 90.2}
  m_SizeDelta: {x: 32, y: 127}
  m_Pivot: {x: 0.5, y: 0.5}
--- !u!114 &690008170
MonoBehaviour:
  m_ObjectHideFlags: 0
  m_PrefabParentObject: {fileID: 11451856, guid: 591e4701cb024014bb30696d1d334549,
    type: 2}
  m_PrefabInternal: {fileID: 1464726734}
  m_GameObject: {fileID: 690008168}
  m_Enabled: 1
  m_EditorHideFlags: 0
  m_Script: {fileID: -765806418, guid: f5f67c52d1564df4a8936ccd202a3bd8, type: 3}
  m_Name: 
  m_EditorClassIdentifier: 
  m_Material: {fileID: 0}
  m_Color: {r: 0.39607844, g: 0.31528786, b: 0.28579777, a: 1}
  m_RaycastTarget: 1
  m_OnCullStateChanged:
    m_PersistentCalls:
      m_Calls: []
    m_TypeName: UnityEngine.UI.MaskableGraphic+CullStateChangedEvent, UnityEngine.UI,
      Version=1.0.0.0, Culture=neutral, PublicKeyToken=null
  m_Sprite: {fileID: 21300000, guid: 7ed1238760b863f4aafde32ab3a6f28c, type: 3}
  m_Type: 1
  m_PreserveAspect: 0
  m_FillCenter: 1
  m_FillMethod: 4
  m_FillAmount: 1
  m_FillClockwise: 1
  m_FillOrigin: 0
--- !u!222 &690008171
CanvasRenderer:
  m_ObjectHideFlags: 0
  m_PrefabParentObject: {fileID: 22251844, guid: 591e4701cb024014bb30696d1d334549,
    type: 2}
  m_PrefabInternal: {fileID: 1464726734}
  m_GameObject: {fileID: 690008168}
--- !u!1 &784937046
GameObject:
  m_ObjectHideFlags: 0
  m_PrefabParentObject: {fileID: 151818, guid: 591e4701cb024014bb30696d1d334549, type: 2}
  m_PrefabInternal: {fileID: 1464726734}
  serializedVersion: 5
  m_Component:
  - component: {fileID: 784937050}
  - component: {fileID: 784937049}
  - component: {fileID: 784937048}
  - component: {fileID: 784937047}
  m_Layer: 5
  m_Name: GameExample_18
  m_TagString: Untagged
  m_Icon: {fileID: 0}
  m_NavMeshLayer: 0
  m_StaticEditorFlags: 0
  m_IsActive: 1
--- !u!114 &784937047
MonoBehaviour:
  m_ObjectHideFlags: 0
  m_PrefabParentObject: {fileID: 11451820, guid: 591e4701cb024014bb30696d1d334549,
    type: 2}
  m_PrefabInternal: {fileID: 1464726734}
  m_GameObject: {fileID: 784937046}
  m_Enabled: 1
  m_EditorHideFlags: 0
  m_Script: {fileID: 1301386320, guid: f5f67c52d1564df4a8936ccd202a3bd8, type: 3}
  m_Name: 
  m_EditorClassIdentifier: 
  m_IgnoreReversedGraphics: 1
  m_BlockingObjects: 0
  m_BlockingMask:
    serializedVersion: 2
    m_Bits: 4294967295
--- !u!114 &784937048
MonoBehaviour:
  m_ObjectHideFlags: 0
  m_PrefabParentObject: {fileID: 11451822, guid: 591e4701cb024014bb30696d1d334549,
    type: 2}
  m_PrefabInternal: {fileID: 1464726734}
  m_GameObject: {fileID: 784937046}
  m_Enabled: 1
  m_EditorHideFlags: 0
  m_Script: {fileID: 1980459831, guid: f5f67c52d1564df4a8936ccd202a3bd8, type: 3}
  m_Name: 
  m_EditorClassIdentifier: 
  m_UiScaleMode: 1
  m_ReferencePixelsPerUnit: 100
  m_ScaleFactor: 1
  m_ReferenceResolution: {x: 640, y: 1136}
  m_ScreenMatchMode: 0
  m_MatchWidthOrHeight: 1
  m_PhysicalUnit: 3
  m_FallbackScreenDPI: 96
  m_DefaultSpriteDPI: 96
  m_DynamicPixelsPerUnit: 1
--- !u!223 &784937049
Canvas:
  m_ObjectHideFlags: 0
  m_PrefabParentObject: {fileID: 22351808, guid: 591e4701cb024014bb30696d1d334549,
    type: 2}
  m_PrefabInternal: {fileID: 1464726734}
  m_GameObject: {fileID: 784937046}
  m_Enabled: 1
  serializedVersion: 3
  m_RenderMode: 0
  m_Camera: {fileID: 0}
  m_PlaneDistance: 100
  m_PixelPerfect: 1
  m_ReceivesEvents: 1
  m_OverrideSorting: 0
  m_OverridePixelPerfect: 0
  m_SortingBucketNormalizedSize: 0
  m_AdditionalShaderChannelsFlag: 25
  m_SortingLayerID: 0
  m_SortingOrder: 0
  m_TargetDisplay: 0
--- !u!224 &784937050
RectTransform:
  m_ObjectHideFlags: 0
  m_PrefabParentObject: {fileID: 22451818, guid: 591e4701cb024014bb30696d1d334549,
    type: 2}
  m_PrefabInternal: {fileID: 1464726734}
  m_GameObject: {fileID: 784937046}
  m_LocalRotation: {x: 0, y: 0, z: 0, w: 1}
  m_LocalPosition: {x: 0, y: 0, z: 0}
  m_LocalScale: {x: 0, y: 0, z: 0}
  m_Children:
  - {fileID: 2038645239}
  - {fileID: 187367157}
  - {fileID: 1068757226}
  m_Father: {fileID: 0}
  m_RootOrder: 0
  m_LocalEulerAnglesHint: {x: 0, y: 0, z: 0}
  m_AnchorMin: {x: 0, y: 0}
  m_AnchorMax: {x: 0, y: 0}
  m_AnchoredPosition: {x: 0, y: 0}
  m_SizeDelta: {x: 0, y: 0}
  m_Pivot: {x: 0, y: 0}
--- !u!1 &803679061
GameObject:
  m_ObjectHideFlags: 0
  m_PrefabParentObject: {fileID: 151838, guid: 591e4701cb024014bb30696d1d334549, type: 2}
  m_PrefabInternal: {fileID: 1464726734}
  serializedVersion: 5
  m_Component:
  - component: {fileID: 803679062}
  - component: {fileID: 803679064}
  - component: {fileID: 803679063}
  m_Layer: 5
  m_Name: Line
  m_TagString: Untagged
  m_Icon: {fileID: 0}
  m_NavMeshLayer: 0
  m_StaticEditorFlags: 0
  m_IsActive: 1
--- !u!224 &803679062
RectTransform:
  m_ObjectHideFlags: 0
  m_PrefabParentObject: {fileID: 22451838, guid: 591e4701cb024014bb30696d1d334549,
    type: 2}
  m_PrefabInternal: {fileID: 1464726734}
  m_GameObject: {fileID: 803679061}
  m_LocalRotation: {x: 0, y: 0, z: 0, w: 1}
  m_LocalPosition: {x: 0, y: 0, z: 0}
  m_LocalScale: {x: 1, y: 1, z: 1}
  m_Children: []
  m_Father: {fileID: 924395324}
  m_RootOrder: 7
  m_LocalEulerAnglesHint: {x: 0, y: 0, z: 0}
  m_AnchorMin: {x: 0.5, y: 0.5}
  m_AnchorMax: {x: 0.5, y: 0.5}
  m_AnchoredPosition: {x: -3, y: -422}
  m_SizeDelta: {x: 332.8, y: 3}
  m_Pivot: {x: 0.5, y: 0.5}
--- !u!114 &803679063
MonoBehaviour:
  m_ObjectHideFlags: 0
  m_PrefabParentObject: {fileID: 11451846, guid: 591e4701cb024014bb30696d1d334549,
    type: 2}
  m_PrefabInternal: {fileID: 1464726734}
  m_GameObject: {fileID: 803679061}
  m_Enabled: 1
  m_EditorHideFlags: 0
  m_Script: {fileID: -765806418, guid: f5f67c52d1564df4a8936ccd202a3bd8, type: 3}
  m_Name: 
  m_EditorClassIdentifier: 
  m_Material: {fileID: 0}
  m_Color: {r: 0.9529412, g: 0.2901961, b: 0.35691676, a: 1}
  m_RaycastTarget: 1
  m_OnCullStateChanged:
    m_PersistentCalls:
      m_Calls: []
    m_TypeName: UnityEngine.UI.MaskableGraphic+CullStateChangedEvent, UnityEngine.UI,
      Version=1.0.0.0, Culture=neutral, PublicKeyToken=null
  m_Sprite: {fileID: 21300000, guid: 7ed1238760b863f4aafde32ab3a6f28c, type: 3}
  m_Type: 1
  m_PreserveAspect: 0
  m_FillCenter: 1
  m_FillMethod: 4
  m_FillAmount: 1
  m_FillClockwise: 1
  m_FillOrigin: 0
--- !u!222 &803679064
CanvasRenderer:
  m_ObjectHideFlags: 0
  m_PrefabParentObject: {fileID: 22251836, guid: 591e4701cb024014bb30696d1d334549,
    type: 2}
  m_PrefabInternal: {fileID: 1464726734}
  m_GameObject: {fileID: 803679061}
--- !u!1 &821046194
GameObject:
  m_ObjectHideFlags: 0
  m_PrefabParentObject: {fileID: 151826, guid: 591e4701cb024014bb30696d1d334549, type: 2}
  m_PrefabInternal: {fileID: 1464726734}
  serializedVersion: 5
  m_Component:
  - component: {fileID: 821046195}
  - component: {fileID: 821046197}
  - component: {fileID: 821046196}
  m_Layer: 5
  m_Name: Line
  m_TagString: Untagged
  m_Icon: {fileID: 0}
  m_NavMeshLayer: 0
  m_StaticEditorFlags: 0
  m_IsActive: 1
--- !u!224 &821046195
RectTransform:
  m_ObjectHideFlags: 0
  m_PrefabParentObject: {fileID: 22451826, guid: 591e4701cb024014bb30696d1d334549,
    type: 2}
  m_PrefabInternal: {fileID: 1464726734}
  m_GameObject: {fileID: 821046194}
  m_LocalRotation: {x: 0, y: 0, z: 0.23411177, w: -0.9722097}
  m_LocalPosition: {x: 0, y: 0, z: 0}
  m_LocalScale: {x: 1, y: 1, z: 1}
  m_Children: []
  m_Father: {fileID: 924395324}
  m_RootOrder: 9
  m_LocalEulerAnglesHint: {x: 0, y: 0, z: 0}
  m_AnchorMin: {x: 0.5, y: 0.5}
  m_AnchorMax: {x: 0.5, y: 0.5}
  m_AnchoredPosition: {x: 5.2, y: -3.2}
  m_SizeDelta: {x: 364.5, y: 3}
  m_Pivot: {x: 0.5, y: 0.5}
--- !u!114 &821046196
MonoBehaviour:
  m_ObjectHideFlags: 0
  m_PrefabParentObject: {fileID: 11451830, guid: 591e4701cb024014bb30696d1d334549,
    type: 2}
  m_PrefabInternal: {fileID: 1464726734}
  m_GameObject: {fileID: 821046194}
  m_Enabled: 1
  m_EditorHideFlags: 0
  m_Script: {fileID: -765806418, guid: f5f67c52d1564df4a8936ccd202a3bd8, type: 3}
  m_Name: 
  m_EditorClassIdentifier: 
  m_Material: {fileID: 0}
  m_Color: {r: 0.9529412, g: 0.2901961, b: 0.35691676, a: 1}
  m_RaycastTarget: 1
  m_OnCullStateChanged:
    m_PersistentCalls:
      m_Calls: []
    m_TypeName: UnityEngine.UI.MaskableGraphic+CullStateChangedEvent, UnityEngine.UI,
      Version=1.0.0.0, Culture=neutral, PublicKeyToken=null
  m_Sprite: {fileID: 21300000, guid: 7ed1238760b863f4aafde32ab3a6f28c, type: 3}
  m_Type: 1
  m_PreserveAspect: 0
  m_FillCenter: 1
  m_FillMethod: 4
  m_FillAmount: 1
  m_FillClockwise: 1
  m_FillOrigin: 0
--- !u!222 &821046197
CanvasRenderer:
  m_ObjectHideFlags: 0
  m_PrefabParentObject: {fileID: 22251824, guid: 591e4701cb024014bb30696d1d334549,
    type: 2}
  m_PrefabInternal: {fileID: 1464726734}
  m_GameObject: {fileID: 821046194}
--- !u!1 &867866423
GameObject:
  m_ObjectHideFlags: 0
  m_PrefabParentObject: {fileID: 151834, guid: 591e4701cb024014bb30696d1d334549, type: 2}
  m_PrefabInternal: {fileID: 1464726734}
  serializedVersion: 5
  m_Component:
  - component: {fileID: 867866424}
  - component: {fileID: 867866426}
  - component: {fileID: 867866425}
  m_Layer: 5
  m_Name: Line
  m_TagString: Untagged
  m_Icon: {fileID: 0}
  m_NavMeshLayer: 0
  m_StaticEditorFlags: 0
  m_IsActive: 1
--- !u!224 &867866424
RectTransform:
  m_ObjectHideFlags: 0
  m_PrefabParentObject: {fileID: 22451834, guid: 591e4701cb024014bb30696d1d334549,
    type: 2}
  m_PrefabInternal: {fileID: 1464726734}
  m_GameObject: {fileID: 867866423}
  m_LocalRotation: {x: 0, y: 0, z: 0.3826835, w: 0.92387956}
  m_LocalPosition: {x: 0, y: 0, z: 0}
  m_LocalScale: {x: 1, y: 1, z: 1}
  m_Children: []
  m_Father: {fileID: 924395324}
  m_RootOrder: 8
  m_LocalEulerAnglesHint: {x: 0, y: 0, z: 0}
  m_AnchorMin: {x: 0.5, y: 0.5}
  m_AnchorMax: {x: 0.5, y: 0.5}
  m_AnchoredPosition: {x: -2.1, y: -254.2}
  m_SizeDelta: {x: 475.4, y: 3}
  m_Pivot: {x: 0.5, y: 0.5}
--- !u!114 &867866425
MonoBehaviour:
  m_ObjectHideFlags: 0
  m_PrefabParentObject: {fileID: 11451840, guid: 591e4701cb024014bb30696d1d334549,
    type: 2}
  m_PrefabInternal: {fileID: 1464726734}
  m_GameObject: {fileID: 867866423}
  m_Enabled: 1
  m_EditorHideFlags: 0
  m_Script: {fileID: -765806418, guid: f5f67c52d1564df4a8936ccd202a3bd8, type: 3}
  m_Name: 
  m_EditorClassIdentifier: 
  m_Material: {fileID: 0}
  m_Color: {r: 0.9529412, g: 0.2901961, b: 0.35691676, a: 1}
  m_RaycastTarget: 1
  m_OnCullStateChanged:
    m_PersistentCalls:
      m_Calls: []
    m_TypeName: UnityEngine.UI.MaskableGraphic+CullStateChangedEvent, UnityEngine.UI,
      Version=1.0.0.0, Culture=neutral, PublicKeyToken=null
  m_Sprite: {fileID: 21300000, guid: 7ed1238760b863f4aafde32ab3a6f28c, type: 3}
  m_Type: 1
  m_PreserveAspect: 0
  m_FillCenter: 1
  m_FillMethod: 4
  m_FillAmount: 1
  m_FillClockwise: 1
  m_FillOrigin: 0
--- !u!222 &867866426
CanvasRenderer:
  m_ObjectHideFlags: 0
  m_PrefabParentObject: {fileID: 22251832, guid: 591e4701cb024014bb30696d1d334549,
    type: 2}
  m_PrefabInternal: {fileID: 1464726734}
  m_GameObject: {fileID: 867866423}
--- !u!1 &920036344
GameObject:
  m_ObjectHideFlags: 0
  m_PrefabParentObject: {fileID: 151812, guid: 591e4701cb024014bb30696d1d334549, type: 2}
  m_PrefabInternal: {fileID: 1464726734}
  serializedVersion: 5
  m_Component:
  - component: {fileID: 920036345}
  - component: {fileID: 920036347}
  - component: {fileID: 920036346}
  m_Layer: 5
  m_Name: Line
  m_TagString: Untagged
  m_Icon: {fileID: 0}
  m_NavMeshLayer: 0
  m_StaticEditorFlags: 0
  m_IsActive: 1
--- !u!224 &920036345
RectTransform:
  m_ObjectHideFlags: 0
  m_PrefabParentObject: {fileID: 22451812, guid: 591e4701cb024014bb30696d1d334549,
    type: 2}
  m_PrefabInternal: {fileID: 1464726734}
  m_GameObject: {fileID: 920036344}
  m_LocalRotation: {x: 0, y: 0, z: 0.98253536, w: -0.18607631}
  m_LocalPosition: {x: 0, y: 0, z: 0}
  m_LocalScale: {x: 1, y: 1, z: 1}
  m_Children: []
  m_Father: {fileID: 924395324}
  m_RootOrder: 12
  m_LocalEulerAnglesHint: {x: 0, y: 0, z: 0}
  m_AnchorMin: {x: 0.5, y: 0.5}
  m_AnchorMax: {x: 0.5, y: 0.5}
  m_AnchoredPosition: {x: -39.7, y: 375.9}
  m_SizeDelta: {x: 359.4, y: 3}
  m_Pivot: {x: 0.5, y: 0.5}
--- !u!114 &920036346
MonoBehaviour:
  m_ObjectHideFlags: 0
  m_PrefabParentObject: {fileID: 11451812, guid: 591e4701cb024014bb30696d1d334549,
    type: 2}
  m_PrefabInternal: {fileID: 1464726734}
  m_GameObject: {fileID: 920036344}
  m_Enabled: 1
  m_EditorHideFlags: 0
  m_Script: {fileID: -765806418, guid: f5f67c52d1564df4a8936ccd202a3bd8, type: 3}
  m_Name: 
  m_EditorClassIdentifier: 
  m_Material: {fileID: 0}
  m_Color: {r: 0.9529412, g: 0.2901961, b: 0.35691676, a: 1}
  m_RaycastTarget: 1
  m_OnCullStateChanged:
    m_PersistentCalls:
      m_Calls: []
    m_TypeName: UnityEngine.UI.MaskableGraphic+CullStateChangedEvent, UnityEngine.UI,
      Version=1.0.0.0, Culture=neutral, PublicKeyToken=null
  m_Sprite: {fileID: 21300000, guid: 7ed1238760b863f4aafde32ab3a6f28c, type: 3}
  m_Type: 1
  m_PreserveAspect: 0
  m_FillCenter: 1
  m_FillMethod: 4
  m_FillAmount: 1
  m_FillClockwise: 1
  m_FillOrigin: 0
--- !u!222 &920036347
CanvasRenderer:
  m_ObjectHideFlags: 0
  m_PrefabParentObject: {fileID: 22251812, guid: 591e4701cb024014bb30696d1d334549,
    type: 2}
  m_PrefabInternal: {fileID: 1464726734}
  m_GameObject: {fileID: 920036344}
--- !u!1 &924395323
GameObject:
  m_ObjectHideFlags: 0
  m_PrefabParentObject: {fileID: 151842, guid: 591e4701cb024014bb30696d1d334549, type: 2}
  m_PrefabInternal: {fileID: 1464726734}
  serializedVersion: 5
  m_Component:
  - component: {fileID: 924395324}
  - component: {fileID: 924395327}
  - component: {fileID: 924395326}
  - component: {fileID: 924395325}
  m_Layer: 5
  m_Name: Panel
  m_TagString: Untagged
  m_Icon: {fileID: 0}
  m_NavMeshLayer: 0
  m_StaticEditorFlags: 0
  m_IsActive: 1
--- !u!224 &924395324
RectTransform:
  m_ObjectHideFlags: 0
  m_PrefabParentObject: {fileID: 22451842, guid: 591e4701cb024014bb30696d1d334549,
    type: 2}
  m_PrefabInternal: {fileID: 1464726734}
  m_GameObject: {fileID: 924395323}
  m_LocalRotation: {x: 0, y: 0, z: 0, w: 1}
  m_LocalPosition: {x: 0, y: 0, z: 0}
  m_LocalScale: {x: 1, y: 1, z: 1}
  m_Children:
  - {fileID: 454457282}
  - {fileID: 2016692458}
  - {fileID: 1569464429}
  - {fileID: 690008169}
  - {fileID: 1057720672}
  - {fileID: 1492106843}
  - {fileID: 1769190782}
  - {fileID: 803679062}
  - {fileID: 867866424}
  - {fileID: 821046195}
  - {fileID: 928919950}
  - {fileID: 1285163887}
  - {fileID: 920036345}
  - {fileID: 381824370}
  m_Father: {fileID: 187367157}
  m_RootOrder: 0
  m_LocalEulerAnglesHint: {x: 0, y: 0, z: 0}
  m_AnchorMin: {x: 0, y: 0}
  m_AnchorMax: {x: 0, y: 0}
  m_AnchoredPosition: {x: 320, y: 568.02}
  m_SizeDelta: {x: 640, y: 1136}
  m_Pivot: {x: 0.5, y: 0.5}
--- !u!114 &924395325
MonoBehaviour:
  m_ObjectHideFlags: 0
  m_PrefabParentObject: {fileID: 11451850, guid: 591e4701cb024014bb30696d1d334549,
    type: 2}
  m_PrefabInternal: {fileID: 1464726734}
  m_GameObject: {fileID: 924395323}
  m_Enabled: 1
  m_EditorHideFlags: 0
  m_Script: {fileID: -1200242548, guid: f5f67c52d1564df4a8936ccd202a3bd8, type: 3}
  m_Name: 
  m_EditorClassIdentifier: 
  m_ShowMaskGraphic: 1
--- !u!114 &924395326
MonoBehaviour:
  m_ObjectHideFlags: 0
  m_PrefabParentObject: {fileID: 11451852, guid: 591e4701cb024014bb30696d1d334549,
    type: 2}
  m_PrefabInternal: {fileID: 1464726734}
  m_GameObject: {fileID: 924395323}
  m_Enabled: 1
  m_EditorHideFlags: 0
  m_Script: {fileID: -765806418, guid: f5f67c52d1564df4a8936ccd202a3bd8, type: 3}
  m_Name: 
  m_EditorClassIdentifier: 
  m_Material: {fileID: 0}
  m_Color: {r: 0.99264705, g: 0.8641868, b: 0.6714965, a: 1}
  m_RaycastTarget: 1
  m_OnCullStateChanged:
    m_PersistentCalls:
      m_Calls: []
    m_TypeName: UnityEngine.UI.MaskableGraphic+CullStateChangedEvent, UnityEngine.UI,
      Version=1.0.0.0, Culture=neutral, PublicKeyToken=null
  m_Sprite: {fileID: 21300000, guid: 7ed1238760b863f4aafde32ab3a6f28c, type: 3}
  m_Type: 1
  m_PreserveAspect: 0
  m_FillCenter: 1
  m_FillMethod: 4
  m_FillAmount: 1
  m_FillClockwise: 1
  m_FillOrigin: 0
--- !u!222 &924395327
CanvasRenderer:
  m_ObjectHideFlags: 0
  m_PrefabParentObject: {fileID: 22251840, guid: 591e4701cb024014bb30696d1d334549,
    type: 2}
  m_PrefabInternal: {fileID: 1464726734}
  m_GameObject: {fileID: 924395323}
--- !u!1 &928919949
GameObject:
  m_ObjectHideFlags: 0
  m_PrefabParentObject: {fileID: 151820, guid: 591e4701cb024014bb30696d1d334549, type: 2}
  m_PrefabInternal: {fileID: 1464726734}
  serializedVersion: 5
  m_Component:
  - component: {fileID: 928919950}
  - component: {fileID: 928919952}
  - component: {fileID: 928919951}
  m_Layer: 5
  m_Name: Line
  m_TagString: Untagged
  m_Icon: {fileID: 0}
  m_NavMeshLayer: 0
  m_StaticEditorFlags: 0
  m_IsActive: 1
--- !u!224 &928919950
RectTransform:
  m_ObjectHideFlags: 0
  m_PrefabParentObject: {fileID: 22451820, guid: 591e4701cb024014bb30696d1d334549,
    type: 2}
  m_PrefabInternal: {fileID: 1464726734}
  m_GameObject: {fileID: 928919949}
  m_LocalRotation: {x: 0, y: 0, z: -0.94832367, w: 0.3173047}
  m_LocalPosition: {x: 0, y: 0, z: 0}
  m_LocalScale: {x: 1, y: 1, z: 1}
  m_Children: []
  m_Father: {fileID: 924395324}
  m_RootOrder: 10
  m_LocalEulerAnglesHint: {x: 0, y: 0, z: 0}
  m_AnchorMin: {x: 0.5, y: 0.5}
  m_AnchorMax: {x: 0.5, y: 0.5}
  m_AnchoredPosition: {x: -10.9, y: 188.2}
  m_SizeDelta: {x: 364.5, y: 3}
  m_Pivot: {x: 0.5, y: 0.5}
--- !u!114 &928919951
MonoBehaviour:
  m_ObjectHideFlags: 0
  m_PrefabParentObject: {fileID: 11451824, guid: 591e4701cb024014bb30696d1d334549,
    type: 2}
  m_PrefabInternal: {fileID: 1464726734}
  m_GameObject: {fileID: 928919949}
  m_Enabled: 1
  m_EditorHideFlags: 0
  m_Script: {fileID: -765806418, guid: f5f67c52d1564df4a8936ccd202a3bd8, type: 3}
  m_Name: 
  m_EditorClassIdentifier: 
  m_Material: {fileID: 0}
  m_Color: {r: 0.9529412, g: 0.2901961, b: 0.35691676, a: 1}
  m_RaycastTarget: 1
  m_OnCullStateChanged:
    m_PersistentCalls:
      m_Calls: []
    m_TypeName: UnityEngine.UI.MaskableGraphic+CullStateChangedEvent, UnityEngine.UI,
      Version=1.0.0.0, Culture=neutral, PublicKeyToken=null
  m_Sprite: {fileID: 21300000, guid: 7ed1238760b863f4aafde32ab3a6f28c, type: 3}
  m_Type: 1
  m_PreserveAspect: 0
  m_FillCenter: 1
  m_FillMethod: 4
  m_FillAmount: 1
  m_FillClockwise: 1
  m_FillOrigin: 0
--- !u!222 &928919952
CanvasRenderer:
  m_ObjectHideFlags: 0
  m_PrefabParentObject: {fileID: 22251818, guid: 591e4701cb024014bb30696d1d334549,
    type: 2}
  m_PrefabInternal: {fileID: 1464726734}
  m_GameObject: {fileID: 928919949}
--- !u!1 &1057720671
GameObject:
  m_ObjectHideFlags: 0
  m_PrefabParentObject: {fileID: 151830, guid: 591e4701cb024014bb30696d1d334549, type: 2}
  m_PrefabInternal: {fileID: 1464726734}
  serializedVersion: 5
  m_Component:
  - component: {fileID: 1057720672}
  - component: {fileID: 1057720674}
  - component: {fileID: 1057720673}
  m_Layer: 5
  m_Name: Blocks
  m_TagString: Untagged
  m_Icon: {fileID: 0}
  m_NavMeshLayer: 0
  m_StaticEditorFlags: 0
  m_IsActive: 1
--- !u!224 &1057720672
RectTransform:
  m_ObjectHideFlags: 0
  m_PrefabParentObject: {fileID: 22451830, guid: 591e4701cb024014bb30696d1d334549,
    type: 2}
  m_PrefabInternal: {fileID: 1464726734}
  m_GameObject: {fileID: 1057720671}
  m_LocalRotation: {x: 0, y: 0, z: 0.80860686, w: 0.5883494}
  m_LocalPosition: {x: 0, y: 0, z: 0}
  m_LocalScale: {x: 1, y: 1, z: 1}
  m_Children: []
  m_Father: {fileID: 924395324}
  m_RootOrder: 4
  m_LocalEulerAnglesHint: {x: 0, y: 0, z: 0}
  m_AnchorMin: {x: 0.5, y: 0.5}
  m_AnchorMax: {x: 0.5, y: 0.5}
  m_AnchoredPosition: {x: -1.9, y: 254.6}
  m_SizeDelta: {x: 32, y: 127}
  m_Pivot: {x: 0.5, y: 0.5}
--- !u!114 &1057720673
MonoBehaviour:
  m_ObjectHideFlags: 0
  m_PrefabParentObject: {fileID: 11451834, guid: 591e4701cb024014bb30696d1d334549,
    type: 2}
  m_PrefabInternal: {fileID: 1464726734}
  m_GameObject: {fileID: 1057720671}
  m_Enabled: 1
  m_EditorHideFlags: 0
  m_Script: {fileID: -765806418, guid: f5f67c52d1564df4a8936ccd202a3bd8, type: 3}
  m_Name: 
  m_EditorClassIdentifier: 
  m_Material: {fileID: 0}
  m_Color: {r: 0.39607844, g: 0.31528786, b: 0.28579777, a: 1}
  m_RaycastTarget: 1
  m_OnCullStateChanged:
    m_PersistentCalls:
      m_Calls: []
    m_TypeName: UnityEngine.UI.MaskableGraphic+CullStateChangedEvent, UnityEngine.UI,
      Version=1.0.0.0, Culture=neutral, PublicKeyToken=null
  m_Sprite: {fileID: 21300000, guid: 7ed1238760b863f4aafde32ab3a6f28c, type: 3}
  m_Type: 1
  m_PreserveAspect: 0
  m_FillCenter: 1
  m_FillMethod: 4
  m_FillAmount: 1
  m_FillClockwise: 1
  m_FillOrigin: 0
--- !u!222 &1057720674
CanvasRenderer:
  m_ObjectHideFlags: 0
  m_PrefabParentObject: {fileID: 22251828, guid: 591e4701cb024014bb30696d1d334549,
    type: 2}
  m_PrefabInternal: {fileID: 1464726734}
  m_GameObject: {fileID: 1057720671}
--- !u!1 &1068757225
GameObject:
  m_ObjectHideFlags: 0
  m_PrefabParentObject: {fileID: 151814, guid: 591e4701cb024014bb30696d1d334549, type: 2}
  m_PrefabInternal: {fileID: 1464726734}
  serializedVersion: 5
  m_Component:
  - component: {fileID: 1068757226}
  - component: {fileID: 1068757229}
  - component: {fileID: 1068757228}
  - component: {fileID: 1068757227}
  m_Layer: 5
  m_Name: TopInfoPanel
  m_TagString: Untagged
  m_Icon: {fileID: 0}
  m_NavMeshLayer: 0
  m_StaticEditorFlags: 0
  m_IsActive: 1
--- !u!224 &1068757226
RectTransform:
  m_ObjectHideFlags: 0
  m_PrefabParentObject: {fileID: 22451814, guid: 591e4701cb024014bb30696d1d334549,
    type: 2}
  m_PrefabInternal: {fileID: 1464726734}
  m_GameObject: {fileID: 1068757225}
  m_LocalRotation: {x: 0, y: 0, z: 0, w: 1}
  m_LocalPosition: {x: 0, y: 0, z: 0}
  m_LocalScale: {x: 1, y: 1, z: 1}
  m_Children:
  - {fileID: 472045265}
  m_Father: {fileID: 784937050}
  m_RootOrder: 2
  m_LocalEulerAnglesHint: {x: 0, y: 0, z: 0}
  m_AnchorMin: {x: 0.5, y: 0.5}
  m_AnchorMax: {x: 0.5, y: 0.5}
  m_AnchoredPosition: {x: 0, y: 520}
  m_SizeDelta: {x: 640, y: 97}
  m_Pivot: {x: 0.5, y: 0.5}
--- !u!114 &1068757227
MonoBehaviour:
  m_ObjectHideFlags: 0
  m_PrefabParentObject: {fileID: 11451814, guid: 591e4701cb024014bb30696d1d334549,
    type: 2}
  m_PrefabInternal: {fileID: 1464726734}
  m_GameObject: {fileID: 1068757225}
  m_Enabled: 1
  m_EditorHideFlags: 0
  m_Script: {fileID: -1200242548, guid: f5f67c52d1564df4a8936ccd202a3bd8, type: 3}
  m_Name: 
  m_EditorClassIdentifier: 
  m_ShowMaskGraphic: 1
--- !u!114 &1068757228
MonoBehaviour:
  m_ObjectHideFlags: 0
  m_PrefabParentObject: {fileID: 11451816, guid: 591e4701cb024014bb30696d1d334549,
    type: 2}
  m_PrefabInternal: {fileID: 1464726734}
  m_GameObject: {fileID: 1068757225}
  m_Enabled: 1
  m_EditorHideFlags: 0
  m_Script: {fileID: -765806418, guid: f5f67c52d1564df4a8936ccd202a3bd8, type: 3}
  m_Name: 
  m_EditorClassIdentifier: 
  m_Material: {fileID: 0}
  m_Color: {r: 0.32429063, g: 0.8352941, b: 0.61751264, a: 1}
  m_RaycastTarget: 1
  m_OnCullStateChanged:
    m_PersistentCalls:
      m_Calls: []
    m_TypeName: UnityEngine.UI.MaskableGraphic+CullStateChangedEvent, UnityEngine.UI,
      Version=1.0.0.0, Culture=neutral, PublicKeyToken=null
  m_Sprite: {fileID: 21300000, guid: 7ed1238760b863f4aafde32ab3a6f28c, type: 3}
  m_Type: 1
  m_PreserveAspect: 0
  m_FillCenter: 1
  m_FillMethod: 4
  m_FillAmount: 1
  m_FillClockwise: 1
  m_FillOrigin: 0
--- !u!222 &1068757229
CanvasRenderer:
  m_ObjectHideFlags: 0
  m_PrefabParentObject: {fileID: 22251814, guid: 591e4701cb024014bb30696d1d334549,
    type: 2}
  m_PrefabInternal: {fileID: 1464726734}
  m_GameObject: {fileID: 1068757225}
--- !u!1 &1285163886
GameObject:
  m_ObjectHideFlags: 0
  m_PrefabParentObject: {fileID: 151840, guid: 591e4701cb024014bb30696d1d334549, type: 2}
  m_PrefabInternal: {fileID: 1464726734}
  serializedVersion: 5
  m_Component:
  - component: {fileID: 1285163887}
  - component: {fileID: 1285163889}
  - component: {fileID: 1285163888}
  m_Layer: 5
  m_Name: Line
  m_TagString: Untagged
  m_Icon: {fileID: 0}
  m_NavMeshLayer: 0
  m_StaticEditorFlags: 0
  m_IsActive: 1
--- !u!224 &1285163887
RectTransform:
  m_ObjectHideFlags: 0
  m_PrefabParentObject: {fileID: 22451840, guid: 591e4701cb024014bb30696d1d334549,
    type: 2}
  m_PrefabInternal: {fileID: 1464726734}
  m_GameObject: {fileID: 1285163886}
  m_LocalRotation: {x: 0, y: 0, z: -0.9998321, w: -0.018324943}
  m_LocalPosition: {x: 0, y: 0, z: 0}
  m_LocalScale: {x: 1, y: 1, z: 1}
  m_Children: []
  m_Father: {fileID: 924395324}
  m_RootOrder: 11
  m_LocalEulerAnglesHint: {x: 0, y: 0, z: 0}
  m_AnchorMin: {x: 0.5, y: 0.5}
  m_AnchorMax: {x: 0.5, y: 0.5}
  m_AnchoredPosition: {x: -36.6, y: 303.2}
  m_SizeDelta: {x: 340.8, y: 3}
  m_Pivot: {x: 0.5, y: 0.5}
--- !u!114 &1285163888
MonoBehaviour:
  m_ObjectHideFlags: 0
  m_PrefabParentObject: {fileID: 11451848, guid: 591e4701cb024014bb30696d1d334549,
    type: 2}
  m_PrefabInternal: {fileID: 1464726734}
  m_GameObject: {fileID: 1285163886}
  m_Enabled: 1
  m_EditorHideFlags: 0
  m_Script: {fileID: -765806418, guid: f5f67c52d1564df4a8936ccd202a3bd8, type: 3}
  m_Name: 
  m_EditorClassIdentifier: 
  m_Material: {fileID: 0}
  m_Color: {r: 0.9529412, g: 0.2901961, b: 0.35691676, a: 1}
  m_RaycastTarget: 1
  m_OnCullStateChanged:
    m_PersistentCalls:
      m_Calls: []
    m_TypeName: UnityEngine.UI.MaskableGraphic+CullStateChangedEvent, UnityEngine.UI,
      Version=1.0.0.0, Culture=neutral, PublicKeyToken=null
  m_Sprite: {fileID: 21300000, guid: 7ed1238760b863f4aafde32ab3a6f28c, type: 3}
  m_Type: 1
  m_PreserveAspect: 0
  m_FillCenter: 1
  m_FillMethod: 4
  m_FillAmount: 1
  m_FillClockwise: 1
  m_FillOrigin: 0
--- !u!222 &1285163889
CanvasRenderer:
  m_ObjectHideFlags: 0
  m_PrefabParentObject: {fileID: 22251838, guid: 591e4701cb024014bb30696d1d334549,
    type: 2}
  m_PrefabInternal: {fileID: 1464726734}
  m_GameObject: {fileID: 1285163886}
--- !u!1 &1367575672
GameObject:
  m_ObjectHideFlags: 0
  m_PrefabParentObject: {fileID: 151848, guid: 591e4701cb024014bb30696d1d334549, type: 2}
  m_PrefabInternal: {fileID: 1464726734}
  serializedVersion: 5
  m_Component:
  - component: {fileID: 1367575673}
  - component: {fileID: 1367575675}
  - component: {fileID: 1367575674}
  m_Layer: 5
  m_Name: AppTitle
  m_TagString: Untagged
  m_Icon: {fileID: 0}
  m_NavMeshLayer: 0
  m_StaticEditorFlags: 0
  m_IsActive: 1
--- !u!224 &1367575673
RectTransform:
  m_ObjectHideFlags: 0
  m_PrefabParentObject: {fileID: 22451848, guid: 591e4701cb024014bb30696d1d334549,
    type: 2}
  m_PrefabInternal: {fileID: 1464726734}
  m_GameObject: {fileID: 1367575672}
  m_LocalRotation: {x: 0, y: 0, z: 0, w: 1}
  m_LocalPosition: {x: 0, y: 0, z: 0}
  m_LocalScale: {x: 1, y: 1, z: 1}
  m_Children: []
  m_Father: {fileID: 2038645239}
  m_RootOrder: 0
  m_LocalEulerAnglesHint: {x: 0, y: 0, z: 0}
  m_AnchorMin: {x: 0.5, y: 0.5}
  m_AnchorMax: {x: 0.5, y: 0.5}
  m_AnchoredPosition: {x: 295, y: -68}
  m_SizeDelta: {x: 695, y: 109}
  m_Pivot: {x: 0.5, y: 0.5}
--- !u!114 &1367575674
MonoBehaviour:
  m_ObjectHideFlags: 0
  m_PrefabParentObject: {fileID: 11451858, guid: 591e4701cb024014bb30696d1d334549,
    type: 2}
  m_PrefabInternal: {fileID: 1464726734}
  m_GameObject: {fileID: 1367575672}
  m_Enabled: 1
  m_EditorHideFlags: 0
  m_Script: {fileID: 708705254, guid: f5f67c52d1564df4a8936ccd202a3bd8, type: 3}
  m_Name: 
  m_EditorClassIdentifier: 
  m_Material: {fileID: 0}
  m_Color: {r: 0.85490197, g: 0.85490197, b: 0.85490197, a: 1}
  m_RaycastTarget: 1
  m_OnCullStateChanged:
    m_PersistentCalls:
      m_Calls: []
    m_TypeName: UnityEngine.UI.MaskableGraphic+CullStateChangedEvent, UnityEngine.UI,
      Version=1.0.0.0, Culture=neutral, PublicKeyToken=null
  m_FontData:
    m_Font: {fileID: 12800000, guid: 218956a5c2a6e42d6a60afccf80b002b, type: 3}
    m_FontSize: 40
    m_FontStyle: 0
    m_BestFit: 0
    m_MinSize: 10
    m_MaxSize: 40
    m_Alignment: 0
    m_AlignByGeometry: 0
    m_RichText: 1
    m_HorizontalOverflow: 0
    m_VerticalOverflow: 1
    m_LineSpacing: 1
  m_Text: EXAMPLE
--- !u!222 &1367575675
CanvasRenderer:
  m_ObjectHideFlags: 0
  m_PrefabParentObject: {fileID: 22251846, guid: 591e4701cb024014bb30696d1d334549,
    type: 2}
  m_PrefabInternal: {fileID: 1464726734}
  m_GameObject: {fileID: 1367575672}
--- !u!1001 &1464726734
Prefab:
  m_ObjectHideFlags: 0
  serializedVersion: 2
  m_Modification:
    m_TransformParent: {fileID: 0}
    m_Modifications:
    - target: {fileID: 22451818, guid: 591e4701cb024014bb30696d1d334549, type: 2}
      propertyPath: m_LocalPosition.x
      value: 0
      objectReference: {fileID: 0}
    - target: {fileID: 22451818, guid: 591e4701cb024014bb30696d1d334549, type: 2}
      propertyPath: m_LocalPosition.y
      value: 0
      objectReference: {fileID: 0}
    - target: {fileID: 22451818, guid: 591e4701cb024014bb30696d1d334549, type: 2}
      propertyPath: m_LocalPosition.z
      value: 0
      objectReference: {fileID: 0}
    - target: {fileID: 22451818, guid: 591e4701cb024014bb30696d1d334549, type: 2}
      propertyPath: m_LocalRotation.x
      value: 0
      objectReference: {fileID: 0}
    - target: {fileID: 22451818, guid: 591e4701cb024014bb30696d1d334549, type: 2}
      propertyPath: m_LocalRotation.y
      value: 0
      objectReference: {fileID: 0}
    - target: {fileID: 22451818, guid: 591e4701cb024014bb30696d1d334549, type: 2}
      propertyPath: m_LocalRotation.z
      value: 0
      objectReference: {fileID: 0}
    - target: {fileID: 22451818, guid: 591e4701cb024014bb30696d1d334549, type: 2}
      propertyPath: m_LocalRotation.w
      value: 1
      objectReference: {fileID: 0}
    - target: {fileID: 22451818, guid: 591e4701cb024014bb30696d1d334549, type: 2}
      propertyPath: m_RootOrder
      value: 0
      objectReference: {fileID: 0}
    - target: {fileID: 22451818, guid: 591e4701cb024014bb30696d1d334549, type: 2}
      propertyPath: m_AnchoredPosition.x
      value: 0
      objectReference: {fileID: 0}
    - target: {fileID: 22451818, guid: 591e4701cb024014bb30696d1d334549, type: 2}
      propertyPath: m_AnchoredPosition.y
      value: 0
      objectReference: {fileID: 0}
    - target: {fileID: 22451818, guid: 591e4701cb024014bb30696d1d334549, type: 2}
      propertyPath: m_SizeDelta.x
      value: 0
      objectReference: {fileID: 0}
    - target: {fileID: 22451818, guid: 591e4701cb024014bb30696d1d334549, type: 2}
      propertyPath: m_SizeDelta.y
      value: 0
      objectReference: {fileID: 0}
    - target: {fileID: 22451818, guid: 591e4701cb024014bb30696d1d334549, type: 2}
      propertyPath: m_AnchorMin.x
      value: 0
      objectReference: {fileID: 0}
    - target: {fileID: 22451818, guid: 591e4701cb024014bb30696d1d334549, type: 2}
      propertyPath: m_AnchorMin.y
      value: 0
      objectReference: {fileID: 0}
    - target: {fileID: 22451818, guid: 591e4701cb024014bb30696d1d334549, type: 2}
      propertyPath: m_AnchorMax.x
      value: 0
      objectReference: {fileID: 0}
    - target: {fileID: 22451818, guid: 591e4701cb024014bb30696d1d334549, type: 2}
      propertyPath: m_AnchorMax.y
      value: 0
      objectReference: {fileID: 0}
    - target: {fileID: 22451818, guid: 591e4701cb024014bb30696d1d334549, type: 2}
      propertyPath: m_Pivot.x
      value: 0
      objectReference: {fileID: 0}
    - target: {fileID: 22451818, guid: 591e4701cb024014bb30696d1d334549, type: 2}
      propertyPath: m_Pivot.y
      value: 0
      objectReference: {fileID: 0}
    m_RemovedComponents: []
  m_ParentPrefab: {fileID: 100100000, guid: 591e4701cb024014bb30696d1d334549, type: 2}
  m_RootGameObject: {fileID: 784937046}
  m_IsPrefabParent: 0
--- !u!1 &1492106842
GameObject:
  m_ObjectHideFlags: 0
  m_PrefabParentObject: {fileID: 151822, guid: 591e4701cb024014bb30696d1d334549, type: 2}
  m_PrefabInternal: {fileID: 1464726734}
  serializedVersion: 5
  m_Component:
  - component: {fileID: 1492106843}
  - component: {fileID: 1492106845}
  - component: {fileID: 1492106844}
  m_Layer: 5
  m_Name: Blocks
  m_TagString: Untagged
  m_Icon: {fileID: 0}
  m_NavMeshLayer: 0
  m_StaticEditorFlags: 0
  m_IsActive: 1
--- !u!224 &1492106843
RectTransform:
  m_ObjectHideFlags: 0
  m_PrefabParentObject: {fileID: 22451822, guid: 591e4701cb024014bb30696d1d334549,
    type: 2}
  m_PrefabInternal: {fileID: 1464726734}
  m_GameObject: {fileID: 1492106842}
  m_LocalRotation: {x: 0, y: 0, z: 0.7364542, w: 0.6764875}
  m_LocalPosition: {x: 0, y: 0, z: 0}
  m_LocalScale: {x: 1, y: 1, z: 1}
  m_Children: []
  m_Father: {fileID: 924395324}
  m_RootOrder: 5
  m_LocalEulerAnglesHint: {x: 0, y: 0, z: 0}
  m_AnchorMin: {x: 0.5, y: 0.5}
  m_AnchorMax: {x: 0.5, y: 0.5}
  m_AnchoredPosition: {x: 0, y: 350.3}
  m_SizeDelta: {x: 32, y: 127}
  m_Pivot: {x: 0.5, y: 0.5}
--- !u!114 &1492106844
MonoBehaviour:
  m_ObjectHideFlags: 0
  m_PrefabParentObject: {fileID: 11451826, guid: 591e4701cb024014bb30696d1d334549,
    type: 2}
  m_PrefabInternal: {fileID: 1464726734}
  m_GameObject: {fileID: 1492106842}
  m_Enabled: 1
  m_EditorHideFlags: 0
  m_Script: {fileID: -765806418, guid: f5f67c52d1564df4a8936ccd202a3bd8, type: 3}
  m_Name: 
  m_EditorClassIdentifier: 
  m_Material: {fileID: 0}
  m_Color: {r: 0.39607844, g: 0.31528786, b: 0.28579777, a: 1}
  m_RaycastTarget: 1
  m_OnCullStateChanged:
    m_PersistentCalls:
      m_Calls: []
    m_TypeName: UnityEngine.UI.MaskableGraphic+CullStateChangedEvent, UnityEngine.UI,
      Version=1.0.0.0, Culture=neutral, PublicKeyToken=null
  m_Sprite: {fileID: 21300000, guid: 7ed1238760b863f4aafde32ab3a6f28c, type: 3}
  m_Type: 1
  m_PreserveAspect: 0
  m_FillCenter: 1
  m_FillMethod: 4
  m_FillAmount: 1
  m_FillClockwise: 1
  m_FillOrigin: 0
--- !u!222 &1492106845
CanvasRenderer:
  m_ObjectHideFlags: 0
  m_PrefabParentObject: {fileID: 22251820, guid: 591e4701cb024014bb30696d1d334549,
    type: 2}
  m_PrefabInternal: {fileID: 1464726734}
  m_GameObject: {fileID: 1492106842}
--- !u!1 &1500371475
GameObject:
  m_ObjectHideFlags: 0
  m_PrefabParentObject: {fileID: 0}
  m_PrefabInternal: {fileID: 0}
  serializedVersion: 5
  m_Component:
  - component: {fileID: 1500371479}
  - component: {fileID: 1500371478}
  - component: {fileID: 1500371477}
  - component: {fileID: 1500371476}
  m_Layer: 0
  m_Name: EventSystem
  m_TagString: Untagged
  m_Icon: {fileID: 0}
  m_NavMeshLayer: 0
  m_StaticEditorFlags: 0
  m_IsActive: 1
--- !u!114 &1500371476
MonoBehaviour:
  m_ObjectHideFlags: 0
  m_PrefabParentObject: {fileID: 0}
  m_PrefabInternal: {fileID: 0}
  m_GameObject: {fileID: 1500371475}
  m_Enabled: 1
  m_EditorHideFlags: 0
  m_Script: {fileID: 1997211142, guid: f5f67c52d1564df4a8936ccd202a3bd8, type: 3}
  m_Name: 
  m_EditorClassIdentifier: 
  m_ForceModuleActive: 0
--- !u!114 &1500371477
MonoBehaviour:
  m_ObjectHideFlags: 0
  m_PrefabParentObject: {fileID: 0}
  m_PrefabInternal: {fileID: 0}
  m_GameObject: {fileID: 1500371475}
  m_Enabled: 1
  m_EditorHideFlags: 0
  m_Script: {fileID: 1077351063, guid: f5f67c52d1564df4a8936ccd202a3bd8, type: 3}
  m_Name: 
  m_EditorClassIdentifier: 
  m_HorizontalAxis: Horizontal
  m_VerticalAxis: Vertical
  m_SubmitButton: Submit
  m_CancelButton: Cancel
  m_InputActionsPerSecond: 10
  m_RepeatDelay: 0.5
  m_ForceModuleActive: 0
--- !u!114 &1500371478
MonoBehaviour:
  m_ObjectHideFlags: 0
  m_PrefabParentObject: {fileID: 0}
  m_PrefabInternal: {fileID: 0}
  m_GameObject: {fileID: 1500371475}
  m_Enabled: 1
  m_EditorHideFlags: 0
  m_Script: {fileID: -619905303, guid: f5f67c52d1564df4a8936ccd202a3bd8, type: 3}
  m_Name: 
  m_EditorClassIdentifier: 
  m_FirstSelected: {fileID: 0}
  m_sendNavigationEvents: 1
  m_DragThreshold: 5
--- !u!4 &1500371479
Transform:
  m_ObjectHideFlags: 0
  m_PrefabParentObject: {fileID: 0}
  m_PrefabInternal: {fileID: 0}
  m_GameObject: {fileID: 1500371475}
  m_LocalRotation: {x: 0, y: 0, z: 0, w: 1}
  m_LocalPosition: {x: 0, y: 0, z: 0}
  m_LocalScale: {x: 1, y: 1, z: 1}
  m_Children: []
  m_Father: {fileID: 0}
  m_RootOrder: 1
  m_LocalEulerAnglesHint: {x: 0, y: 0, z: 0}
--- !u!1 &1511305452
GameObject:
  m_ObjectHideFlags: 0
  m_PrefabParentObject: {fileID: 0}
  m_PrefabInternal: {fileID: 0}
  serializedVersion: 5
  m_Component:
  - component: {fileID: 1511305453}
  m_Layer: 0
  m_Name: __SET_YOUR_GAMESCREEN_TO_640x1136
  m_TagString: Untagged
  m_Icon: {fileID: 0}
  m_NavMeshLayer: 0
  m_StaticEditorFlags: 0
  m_IsActive: 1
--- !u!4 &1511305453
Transform:
  m_ObjectHideFlags: 0
  m_PrefabParentObject: {fileID: 0}
  m_PrefabInternal: {fileID: 0}
  m_GameObject: {fileID: 1511305452}
  m_LocalRotation: {x: 0, y: 0, z: 0, w: 1}
  m_LocalPosition: {x: 494.995, y: 627.74, z: 0}
  m_LocalScale: {x: 1, y: 1, z: 1}
  m_Children: []
  m_Father: {fileID: 0}
  m_RootOrder: 2
  m_LocalEulerAnglesHint: {x: 0, y: 0, z: 0}
--- !u!1 &1569464428
GameObject:
  m_ObjectHideFlags: 0
  m_PrefabParentObject: {fileID: 151824, guid: 591e4701cb024014bb30696d1d334549, type: 2}
  m_PrefabInternal: {fileID: 1464726734}
  serializedVersion: 5
  m_Component:
  - component: {fileID: 1569464429}
  - component: {fileID: 1569464431}
  - component: {fileID: 1569464430}
  m_Layer: 5
  m_Name: Blocks
  m_TagString: Untagged
  m_Icon: {fileID: 0}
  m_NavMeshLayer: 0
  m_StaticEditorFlags: 0
  m_IsActive: 1
--- !u!224 &1569464429
RectTransform:
  m_ObjectHideFlags: 0
  m_PrefabParentObject: {fileID: 22451824, guid: 591e4701cb024014bb30696d1d334549,
    type: 2}
  m_PrefabInternal: {fileID: 1464726734}
  m_GameObject: {fileID: 1569464428}
  m_LocalRotation: {x: 0, y: 0, z: 0, w: 1}
  m_LocalPosition: {x: 0, y: 0, z: 0}
  m_LocalScale: {x: 1, y: 1, z: 1}
  m_Children: []
  m_Father: {fileID: 924395324}
  m_RootOrder: 2
  m_LocalEulerAnglesHint: {x: 0, y: 0, z: 0}
  m_AnchorMin: {x: 0.5, y: 0.5}
  m_AnchorMax: {x: 0.5, y: 0.5}
  m_AnchoredPosition: {x: -0.00000035762787, y: -111}
  m_SizeDelta: {x: 32, y: 127}
  m_Pivot: {x: 0.5, y: 0.5}
--- !u!114 &1569464430
MonoBehaviour:
  m_ObjectHideFlags: 0
  m_PrefabParentObject: {fileID: 11451828, guid: 591e4701cb024014bb30696d1d334549,
    type: 2}
  m_PrefabInternal: {fileID: 1464726734}
  m_GameObject: {fileID: 1569464428}
  m_Enabled: 1
  m_EditorHideFlags: 0
  m_Script: {fileID: -765806418, guid: f5f67c52d1564df4a8936ccd202a3bd8, type: 3}
  m_Name: 
  m_EditorClassIdentifier: 
  m_Material: {fileID: 0}
  m_Color: {r: 0.39607844, g: 0.31528786, b: 0.28579777, a: 1}
  m_RaycastTarget: 1
  m_OnCullStateChanged:
    m_PersistentCalls:
      m_Calls: []
    m_TypeName: UnityEngine.UI.MaskableGraphic+CullStateChangedEvent, UnityEngine.UI,
      Version=1.0.0.0, Culture=neutral, PublicKeyToken=null
  m_Sprite: {fileID: 21300000, guid: 7ed1238760b863f4aafde32ab3a6f28c, type: 3}
  m_Type: 1
  m_PreserveAspect: 0
  m_FillCenter: 1
  m_FillMethod: 4
  m_FillAmount: 1
  m_FillClockwise: 1
  m_FillOrigin: 0
--- !u!222 &1569464431
CanvasRenderer:
  m_ObjectHideFlags: 0
  m_PrefabParentObject: {fileID: 22251822, guid: 591e4701cb024014bb30696d1d334549,
    type: 2}
  m_PrefabInternal: {fileID: 1464726734}
  m_GameObject: {fileID: 1569464428}
--- !u!1 &1769190781
GameObject:
  m_ObjectHideFlags: 0
  m_PrefabParentObject: {fileID: 151816, guid: 591e4701cb024014bb30696d1d334549, type: 2}
  m_PrefabInternal: {fileID: 1464726734}
  serializedVersion: 5
  m_Component:
  - component: {fileID: 1769190782}
  - component: {fileID: 1769190784}
  - component: {fileID: 1769190783}
  m_Layer: 5
  m_Name: Blocks
  m_TagString: Untagged
  m_Icon: {fileID: 0}
  m_NavMeshLayer: 0
  m_StaticEditorFlags: 0
  m_IsActive: 1
--- !u!224 &1769190782
RectTransform:
  m_ObjectHideFlags: 0
  m_PrefabParentObject: {fileID: 22451816, guid: 591e4701cb024014bb30696d1d334549,
    type: 2}
  m_PrefabInternal: {fileID: 1464726734}
  m_GameObject: {fileID: 1769190781}
  m_LocalRotation: {x: 0, y: 0, z: 0.7071068, w: 0.7071068}
  m_LocalPosition: {x: 0, y: 0, z: 0}
  m_LocalScale: {x: 1, y: 1, z: 1}
  m_Children: []
  m_Father: {fileID: 924395324}
  m_RootOrder: 6
  m_LocalEulerAnglesHint: {x: 0, y: 0, z: 0}
  m_AnchorMin: {x: 0.5, y: 0.5}
  m_AnchorMax: {x: 0.5, y: 0.5}
  m_AnchoredPosition: {x: 0, y: 436.3}
  m_SizeDelta: {x: 32, y: 127}
  m_Pivot: {x: 0.5, y: 0.5}
--- !u!114 &1769190783
MonoBehaviour:
  m_ObjectHideFlags: 0
  m_PrefabParentObject: {fileID: 11451818, guid: 591e4701cb024014bb30696d1d334549,
    type: 2}
  m_PrefabInternal: {fileID: 1464726734}
  m_GameObject: {fileID: 1769190781}
  m_Enabled: 1
  m_EditorHideFlags: 0
  m_Script: {fileID: -765806418, guid: f5f67c52d1564df4a8936ccd202a3bd8, type: 3}
  m_Name: 
  m_EditorClassIdentifier: 
  m_Material: {fileID: 0}
  m_Color: {r: 0.39607844, g: 0.31528786, b: 0.28579777, a: 1}
  m_RaycastTarget: 1
  m_OnCullStateChanged:
    m_PersistentCalls:
      m_Calls: []
    m_TypeName: UnityEngine.UI.MaskableGraphic+CullStateChangedEvent, UnityEngine.UI,
      Version=1.0.0.0, Culture=neutral, PublicKeyToken=null
  m_Sprite: {fileID: 21300000, guid: 7ed1238760b863f4aafde32ab3a6f28c, type: 3}
  m_Type: 1
  m_PreserveAspect: 0
  m_FillCenter: 1
  m_FillMethod: 4
  m_FillAmount: 1
  m_FillClockwise: 1
  m_FillOrigin: 0
--- !u!222 &1769190784
CanvasRenderer:
  m_ObjectHideFlags: 0
  m_PrefabParentObject: {fileID: 22251816, guid: 591e4701cb024014bb30696d1d334549,
    type: 2}
  m_PrefabInternal: {fileID: 1464726734}
  m_GameObject: {fileID: 1769190781}
--- !u!1 &2016692457
GameObject:
  m_ObjectHideFlags: 0
  m_PrefabParentObject: {fileID: 151828, guid: 591e4701cb024014bb30696d1d334549, type: 2}
  m_PrefabInternal: {fileID: 1464726734}
  serializedVersion: 5
  m_Component:
  - component: {fileID: 2016692458}
  - component: {fileID: 2016692460}
  - component: {fileID: 2016692459}
  m_Layer: 5
  m_Name: Player
  m_TagString: Untagged
  m_Icon: {fileID: 0}
  m_NavMeshLayer: 0
  m_StaticEditorFlags: 0
  m_IsActive: 1
--- !u!224 &2016692458
RectTransform:
  m_ObjectHideFlags: 0
  m_PrefabParentObject: {fileID: 22451828, guid: 591e4701cb024014bb30696d1d334549,
    type: 2}
  m_PrefabInternal: {fileID: 1464726734}
  m_GameObject: {fileID: 2016692457}
  m_LocalRotation: {x: 0, y: 0, z: 0.3826835, w: 0.92387956}
  m_LocalPosition: {x: 0, y: 0, z: 0}
  m_LocalScale: {x: 1, y: 1, z: 1}
  m_Children: []
  m_Father: {fileID: 924395324}
  m_RootOrder: 1
  m_LocalEulerAnglesHint: {x: 0, y: 0, z: 0}
  m_AnchorMin: {x: 0.5, y: 0.5}
  m_AnchorMax: {x: 0.5, y: 0.5}
  m_AnchoredPosition: {x: -3, y: -422}
  m_SizeDelta: {x: 40, y: 40}
  m_Pivot: {x: 0.5, y: 0.5}
--- !u!114 &2016692459
MonoBehaviour:
  m_ObjectHideFlags: 0
  m_PrefabParentObject: {fileID: 11451832, guid: 591e4701cb024014bb30696d1d334549,
    type: 2}
  m_PrefabInternal: {fileID: 1464726734}
  m_GameObject: {fileID: 2016692457}
  m_Enabled: 1
  m_EditorHideFlags: 0
  m_Script: {fileID: -765806418, guid: f5f67c52d1564df4a8936ccd202a3bd8, type: 3}
  m_Name: 
  m_EditorClassIdentifier: 
  m_Material: {fileID: 0}
  m_Color: {r: 0.9529412, g: 0.2901961, b: 0.35691676, a: 1}
  m_RaycastTarget: 1
  m_OnCullStateChanged:
    m_PersistentCalls:
      m_Calls: []
    m_TypeName: UnityEngine.UI.MaskableGraphic+CullStateChangedEvent, UnityEngine.UI,
      Version=1.0.0.0, Culture=neutral, PublicKeyToken=null
  m_Sprite: {fileID: 21300000, guid: 7ed1238760b863f4aafde32ab3a6f28c, type: 3}
  m_Type: 1
  m_PreserveAspect: 0
  m_FillCenter: 1
  m_FillMethod: 4
  m_FillAmount: 1
  m_FillClockwise: 1
  m_FillOrigin: 0
--- !u!222 &2016692460
CanvasRenderer:
  m_ObjectHideFlags: 0
  m_PrefabParentObject: {fileID: 22251826, guid: 591e4701cb024014bb30696d1d334549,
    type: 2}
  m_PrefabInternal: {fileID: 1464726734}
  m_GameObject: {fileID: 2016692457}
--- !u!1 &2038645238
GameObject:
  m_ObjectHideFlags: 0
  m_PrefabParentObject: {fileID: 151810, guid: 591e4701cb024014bb30696d1d334549, type: 2}
  m_PrefabInternal: {fileID: 1464726734}
  serializedVersion: 5
  m_Component:
  - component: {fileID: 2038645239}
  - component: {fileID: 2038645241}
  - component: {fileID: 2038645240}
  m_Layer: 5
  m_Name: AppTitle
  m_TagString: Untagged
  m_Icon: {fileID: 0}
  m_NavMeshLayer: 0
  m_StaticEditorFlags: 0
  m_IsActive: 1
--- !u!224 &2038645239
RectTransform:
  m_ObjectHideFlags: 0
  m_PrefabParentObject: {fileID: 22451810, guid: 591e4701cb024014bb30696d1d334549,
    type: 2}
  m_PrefabInternal: {fileID: 1464726734}
  m_GameObject: {fileID: 2038645238}
  m_LocalRotation: {x: 0, y: 0, z: 0, w: 1}
  m_LocalPosition: {x: 0, y: 0, z: 0}
  m_LocalScale: {x: 1, y: 1, z: 1}
  m_Children:
  - {fileID: 1367575673}
  m_Father: {fileID: 784937050}
  m_RootOrder: 0
  m_LocalEulerAnglesHint: {x: 0, y: 0, z: 0}
  m_AnchorMin: {x: 0.5, y: 0.5}
  m_AnchorMax: {x: 0.5, y: 0.5}
  m_AnchoredPosition: {x: 27.495, y: 633}
  m_SizeDelta: {x: 695, y: 109}
  m_Pivot: {x: 0.5, y: 0.5}
--- !u!114 &2038645240
MonoBehaviour:
  m_ObjectHideFlags: 0
  m_PrefabParentObject: {fileID: 11451810, guid: 591e4701cb024014bb30696d1d334549,
    type: 2}
  m_PrefabInternal: {fileID: 1464726734}
  m_GameObject: {fileID: 2038645238}
  m_Enabled: 1
  m_EditorHideFlags: 0
  m_Script: {fileID: 708705254, guid: f5f67c52d1564df4a8936ccd202a3bd8, type: 3}
  m_Name: 
  m_EditorClassIdentifier: 
  m_Material: {fileID: 0}
  m_Color: {r: 0.85490197, g: 0.85490197, b: 0.85490197, a: 1}
  m_RaycastTarget: 1
  m_OnCullStateChanged:
    m_PersistentCalls:
      m_Calls: []
    m_TypeName: UnityEngine.UI.MaskableGraphic+CullStateChangedEvent, UnityEngine.UI,
      Version=1.0.0.0, Culture=neutral, PublicKeyToken=null
  m_FontData:
    m_Font: {fileID: 12800000, guid: 218956a5c2a6e42d6a60afccf80b002b, type: 3}
    m_FontSize: 102
    m_FontStyle: 0
    m_BestFit: 0
    m_MinSize: 10
    m_MaxSize: 102
    m_Alignment: 0
    m_AlignByGeometry: 0
    m_RichText: 1
    m_HorizontalOverflow: 0
    m_VerticalOverflow: 1
    m_LineSpacing: 1
  m_Text: GAME
--- !u!222 &2038645241
CanvasRenderer:
  m_ObjectHideFlags: 0
  m_PrefabParentObject: {fileID: 22251810, guid: 591e4701cb024014bb30696d1d334549,
    type: 2}
  m_PrefabInternal: {fileID: 1464726734}
  m_GameObject: {fileID: 2038645238}
--- !u!1 &2079340756
GameObject:
  m_ObjectHideFlags: 0
  m_PrefabParentObject: {fileID: 151852, guid: 591e4701cb024014bb30696d1d334549, type: 2}
  m_PrefabInternal: {fileID: 1464726734}
  serializedVersion: 5
  m_Component:
  - component: {fileID: 2079340757}
  - component: {fileID: 2079340759}
  - component: {fileID: 2079340758}
  m_Layer: 5
  m_Name: Image
  m_TagString: Untagged
  m_Icon: {fileID: 0}
  m_NavMeshLayer: 0
  m_StaticEditorFlags: 0
  m_IsActive: 1
--- !u!224 &2079340757
RectTransform:
  m_ObjectHideFlags: 0
  m_PrefabParentObject: {fileID: 22451852, guid: 591e4701cb024014bb30696d1d334549,
    type: 2}
  m_PrefabInternal: {fileID: 1464726734}
  m_GameObject: {fileID: 2079340756}
  m_LocalRotation: {x: 0, y: 0, z: 0, w: 1}
  m_LocalPosition: {x: 0, y: 0, z: 0}
  m_LocalScale: {x: 1, y: 1, z: 1}
  m_Children: []
  m_Father: {fileID: 475851901}
  m_RootOrder: 0
  m_LocalEulerAnglesHint: {x: 0, y: 0, z: 0}
  m_AnchorMin: {x: 0.5, y: 0.5}
  m_AnchorMax: {x: 0.5, y: 0.5}
  m_AnchoredPosition: {x: 0, y: 0}
  m_SizeDelta: {x: 47, y: 47}
  m_Pivot: {x: 0.5, y: 0.5}
--- !u!114 &2079340758
MonoBehaviour:
  m_ObjectHideFlags: 0
  m_PrefabParentObject: {fileID: 11451862, guid: 591e4701cb024014bb30696d1d334549,
    type: 2}
  m_PrefabInternal: {fileID: 1464726734}
  m_GameObject: {fileID: 2079340756}
  m_Enabled: 1
  m_EditorHideFlags: 0
  m_Script: {fileID: -765806418, guid: f5f67c52d1564df4a8936ccd202a3bd8, type: 3}
  m_Name: 
  m_EditorClassIdentifier: 
  m_Material: {fileID: 0}
  m_Color: {r: 0.92941177, g: 0.92941177, b: 0.92941177, a: 1}
  m_RaycastTarget: 1
  m_OnCullStateChanged:
    m_PersistentCalls:
      m_Calls: []
    m_TypeName: UnityEngine.UI.MaskableGraphic+CullStateChangedEvent, UnityEngine.UI,
      Version=1.0.0.0, Culture=neutral, PublicKeyToken=null
  m_Sprite: {fileID: 21300000, guid: dce42e425314e4303a9eb1138cbab8fd, type: 3}
  m_Type: 0
  m_PreserveAspect: 0
  m_FillCenter: 1
  m_FillMethod: 4
  m_FillAmount: 1
  m_FillClockwise: 1
  m_FillOrigin: 0
--- !u!222 &2079340759
CanvasRenderer:
  m_ObjectHideFlags: 0
  m_PrefabParentObject: {fileID: 22251850, guid: 591e4701cb024014bb30696d1d334549,
    type: 2}
  m_PrefabInternal: {fileID: 1464726734}
  m_GameObject: {fileID: 2079340756}
